 Dungeon Crawl Stone Soup version 0.25.0-11-g1f837a76a1 (webtiles) character file.

Game seed: 1313321022747112188

19 mopl the Conjurer (level 2, 0/17 HPs)
             Began as an Octopode Conjurer on June 24, 2020.
             Slain by an orc wizard
             ... wielding a +0 dagger
              (2 damage)
             ... on level 2 of the Dungeon.
             The game lasted 00:01:07 (738 turns).

mopl the Conjurer (Octopode Conjurer)                Turns: 738, Time: 00:01:07

Health: 0/17       AC:  1    Str:  7    XL:     2   Next: 75%
Magic:  1/5        EV: 13    Int: 17    God:
Gold:   110        SH:  0    Dex: 12    Spells: 3/6 levels left

rFire    . . .     SeeInvis .   (no weapon)
rCold    . . .     Gourm    .   (no shield)
rNeg     . . .     Faith    .   (helmet restricted)
rPois    +         Spirit   .   (no amulet)
rElec    .         Reflect  .   a - ring of poison resistance
rCorr    .         Harm     .   (no ring)
MR       .....                  (no ring)
Stlth    +++.......             (no ring)
HPRegen  0.05/turn              (no ring)
MPRegen  0.09/turn              (no ring)
                                (no ring)
                                (no ring)

@: no status effects
A: almost no armour, stealthy swim, amphibious, 8 rings, constrict 8, camouflage
1, gelatinous body 1
a: no special abilities


You were on level 2 of the Dungeon.
You were not hungry.

You visited 1 branch of the dungeon, and saw 2 of its levels.

You collected 110 gold pieces.

Inventory:

Missiles
 h - 3 throwing nets (quivered)
 m - 15 poisoned darts
Jewellery
 a - a ring of poison resistance (left tentacle)
Scrolls
 d - a scroll of enchant armour {unknown}
 f - a scroll of identify {unknown}
 i - a scroll of teleportation {unknown}
 k - a scroll of enchant weapon {unknown}
Potions
 c - a potion of curing {unknown}
 e - a potion of might {unknown}
 g - a potion of stabbing {unknown}
 l - a potion of berserk rage {unknown}
 n - 2 potions of flight {unknown}
Comestibles
 b - 3 rations
 j - 2 chunks of flesh


   Skills:
 - Level 2.0 Dodging
 - Level 2.6 Stealth
 + Level 2.5 Spellcasting
 + Level 4.4 Conjurations


You had 3 spell levels left.
You knew the following spells:

 Your Spells              Type           Power        Failure   Level  Hunger
a - Magic Dart            Conj           ###.         3%          1    #......
b - Searing Ray           Conj           ###...       4%          2    ##.....

Your spell library contained the following spells:

 Spells                   Type           Power        Failure   Level  Hunger
 Dazzling Flash           Conj/Hex       #.....       22%         3    ###....
 Fulminant Prism          Conj/Hex       #.........   58%         4    #####..
 Iskenderun's Mystic Bla  Conj/Tloc      #.......     58%         4    #####..


Dungeon Overview and Level Annotations

Branches:
Dungeon (2/15)

Altars:
Ru


Innate Abilities, Weirdness & Mutations

You cannot wear most types of armour.
You are very stealthy in the water. (Stealth+)
You are amphibious.
You can wear up to eight rings at the same time.
You can use your tentacles to constrict eight enemies at once.
Your skin changes colour to match your surroundings (Stealth+).
Your rubbery body absorbs attacks. (AC +1, EV +1)


Message History

Confirm with . or Enter, or press ? or * to list all spells.
Aiming: Magic Dart (safe; 3% risk of failure)
Press: ? - help, Shift-Dir - straight line, f/p - adder
Aim: an adder (moderately wounded, slow)
The magic dart hits the adder.
The adder is severely wounded.
You constrict the orc wizard. The adder misses you.
The orc wizard hits you with a +0 dagger.
* * * LOW HITPOINT WARNING * * *
Unknown command.
Casting: Magic Dart (safe; 3% risk of failure)
Confirm with . or Enter, or press ? or * to list all spells.
Aiming: Magic Dart (safe; 3% risk of failure)
Press: ? - help, Shift-Dir - straight line, f/p - adder
Aim: an adder (severely wounded, slow)
The magic dart hits the adder.
The adder is severely wounded.
You constrict the orc wizard. The adder misses you.
The orc wizard hits you with a +0 dagger.
You die...

....###.##...#####.#
.....##.#....#####.#
.....+..#.#..#.....#
.....####.#..#.##.##
.....# #.#..# #.##
.....# ..####.##..#
.....# #.....#
.....# ####'.#
.....# #..@#.#
.#...# #.oS#.#
.#.### ......###
.#.. # ##._.###
.###.# ..... .....#
#...#. #.#### #...#
.....# +## ..##+##.


You could see an orc wizard (mute) and an adder (slow).

Vanquished Creatures
  A dart slug (D:1)
  3 bats
  A giant cockroach (D:2)
  4 goblins
  2 hobgoblins (D:1)
  2 frilled lizards
  2 kobolds
  A rat (D:1)
16 creatures vanquished.

Notes
Turn   | Place    | Note
-------+----------+-------------------------------------------
     0 | D:1      | mopl the Octopode Conjurer began the quest for the Orb.
     0 | D:1      | Reached XP level 1. HP: 11/11 MP: 3/3
   187 | D:1      | Reached XP level 2. HP: 8/17 MP: 0/5
   194 | D:1      | Learned a level 2 spell: Searing Ray
   729 | D:2      | Found a sacrificial altar of Ru.
   738 | D:2      | Slain by an orc wizard

Illustrated notes

Levels and vault maps discovered:
D:1:      eino_arrival_cavern_c, layout_loops_ring, grunt_decor_resistance
D:2:      layout_basic, nrook_campfire, nicolae_ru_great_annihilating_truth

Action                   || total
-------------------------++-------
Melee: Unarmed           ||    34
       Constrict         ||    11
       Tentacles         ||     3
 Cast: Magic Dart        ||    17
 Stab: Sleeping          ||     5
Armor: Skin              ||     3
Dodge: Dodged            ||    13
